[Event "Late-Titled-Tuesday-Blitz-April-30-2024"]
[Site "Chess.com"]
[Date "2024.04.30"]
[Round "4"]
[White "BardArtem"]
[Black "Cipy77"]
[Result "1-0"]
[WhiteElo "2789"]
[BlackElo "2575"]
[TimeControl "180+1"]
[EndTime "14:42:37 PDT"]
[Termination "BardArtem won by resignation"]

1. e4 d6 2. d4 g6 3. Nc3 Bg7 4. Nf3 a6 5. Bc4 b5 6. Bd5 c6 7. Bb3 Nf6 8. Qe2 O-O 9. O-O e6 10.
e5 Nd5 11. Ne4 dxe5 12. dxe5 Nd7 13. Bg5 Qc7 14. Bxd5 cxd5 15. Nf6+ Kh8 16. c3 Bb7 17. Qe3 Rac8 18. h4 d4 19. cxd4 Bxf3 20. Qxf3 h6 21. Bf4 Rfd8 22. Rac1 Qa7 23. Rxc8 Rxc8 24. d5 exd5 25.
Nxd5 Nxe5 26. Bxe5 Bxe5 27. b3 h5 28. g3 Bg7 29. Kg2 Re8 30. Rd1 Qb7 31. Ne3 Qe7 32. a4 bxa4 33. bxa4 Qe4 34. a5 Qxf3+ 35. Kxf3 Re5 36.
Rd7 Kg8 37. Nd5 Rf5+ 38. Kg2 Re5 39. Ne7+ Kf8 40. Nc6 Re6 41. Rd8+ Re8 42. Rd6 Bc3 43. Rd3 Bf6 44. Rd6 Kg7 45. Rd3 Rc8 46. Nb4 Rc5 47.
Ra3 Be7 48. Nxa6 Rc6 49. Nb8 Rc8 50. Rb3 Bd6 51. Nd7 Ra8 52. Rb5 Ra7 53. Nb6 Kf6 54. Kf3 Ke6 55. Ke4 Bc7 56. Nc4 Ra6 57. Rc5 Bd8 58.
Re5+ Kf6 59. Rd5 Ke7 60. Re5+ Kf6 61. f3 Be7 62. g4 hxg4 63. fxg4 Bd8 64. g5+ Kg7 65.
Rd5 Be7 66. Rb5 Kf8 67. Kd5 Re6 68. Ne5 Ra6 69. Nc6 Ba3 70. Rb6 Ra8 71. Rb8+ Rxb8 72.
Nxb8 Bc1 73. Ke4 Be3 74. Kxe3 Ke7 75. a6 1-0

[Event "Late-Titled-Tuesday-Blitz-April-30-2024"]
[Site "Chess.com"]
[Date "2024.04.30"]
[Round "4"]
[White "martinmena"]
[Black "zacachess"]
[Result "0-1"]
[WhiteElo "2112"]
[BlackElo "2332"]
[TimeControl "180+1"]
[EndTime "14:42:41 PDT"]
[Termination "zacachess won by checkmate"]

1. c4 Nf6 2. Nc3 g6 3. g3 Bg7 4. Bg2 O-O 5. d3 d6 6. e4 c5 7. Bg5 Nc6 8. Qd2 a6 9. Nge2 Rb8 10. Bh6 b5 11. Bxg7 Kxg7 12. b3 Nd7 13. O-O b4 14.
Nd5 e6 15. Ne3 f5 16. exf5 Nd4 17. Nxd4 cxd4 18. Nc2 exf5 19. Nxd4 Ne5 20. Nc6 Nxc6 21. Bxc6 f4 22. gxf4 Qh4 23. Kh1 Rxf4 24. f3 Bb7 25.
Be4 Bxe4 26. dxe4 Rbf8 27. Qd3 Qh3 28. Qe2 Rxf3 29. Rxf3 Rxf3 30. Rg1 Re3 31. Qb2+ Kg8 32. Qf6 Qf3+ 33. Qxf3 Rxf3 34. Rd1 Rf6 35. Rd5 Kf7 36.
Ra5 Ke7 37. Rxa6 h5 38. Rb6 Rf2 39. Rxb4 Rxa2 40. Rb5 h4 41. h3 Re2 42. e5 dxe5 43.
c5 Kd7 44. Rb6 Rc2 45. b4 e4 46. Rd6+ Kc7 47. Rxg6 e3 48. Kg1 Rc1+ 49. Kg2 e2 50. Rg7+ Kc6 51. Rg6+ Kb5 52. Rb6+ Kc4 53. Re6 e1=Q 54. Rxe1 Rxe1 55. c6 Re7 56. c7 Rxc7 57. Kf3 Kxb4 58. Kg4 Rc4+ 59. Kg5 Kc5 60. Kh5 Kd6 61. Kg5 Ke6 62. Kh5 Kf6 63. Kh6 Rc3 64. Kh5 Rxh3 65. Kg4 Rh1 66. Kh5 h3 67. Kg4 h2 68. Kg3 Ra1 69. Kxh2 Ra3 70. Kg2 Kf5 71. Kf2 Ke4 72. Ke2 Ra2+ 73. Kd1 Ke3 74. Kc1 Rh2 75. Kd1 Rg2 76. Kc1 Kd3 77. Kb1 Kc3 78. Ka1 Kb3 79.
Kb1 Rg1# 0-1

[Event "Late-Titled-Tuesday-Blitz-April-30-2024"]
[Site "Chess.com"]
[Date "2024.04.30"]
[Round "4"]
[White "Meri-Arabidze"]
[Black "ExchangeAB"]
[Result "1-0"]
[WhiteElo "2684"]
[BlackElo "2449"]
[TimeControl "180+1"]
[EndTime "14:42:45 PDT"]
[Termination "Meri-Arabidze won on time"]

1. Nf3 d5 2. c4 c6 3. g3 Nf6 4.
Bg2 e6 5. O-O Nbd7 6. b3 g6 7.
Bb2 Bg7 8. d3 O-O 9. Nbd2 b6 10.
Qc2 Bb7 11. Rac1 Rc8 12. Qb1 Nh5 13. Bxg7 Nxg7 14. e4 c5 15. exd5 exd5 16. d4 Ne6 17. dxc5 Ndxc5 18. cxd5 Bxd5 19. Rfd1 Qf6 20. Qc2 Rcd8 21.
Qc3 Qxc3 22. Rxc3 Bxf3 23. Bxf3 Nd4 24. Kg2 Rfe8 25. Rdc1 Ne2 26. Bxe2 Rxd2 27. Bb5 Re4 28. R1c2 Red4 29. Bc4 Kg7 30. a4 Ne4 31. Rxd2 Rxd2 32. Rf3 f5 33. h4 Rb2 34. Bd5 Nf6 35. Bc4 a5 36. Re3 Ne4 37. Re2 Rxe2 38. Bxe2 Kf6 39. Bc4 h6 40. Kf3 Ke5 41. Ke3 g5 42. hxg5 hxg5 43.
Bd3 Nc5 44. Bc4 f4+ 45. gxf4+ gxf4+ 46. Kf3 Ne4 47. Bg8 Nd2+ 48. Kg4 Ne4 49. Kf3 Nc5 50.
Bc4 Nd7 51. Bb5 Nf6 52. Bc4 Kf5 53. Bd3+ Kg5 54. Bc4 Ng4 55. Be6 Ne5+ 56. Ke4 Nc6 57. Bc4 Ne7 58. f3 Ng6 59. Kd5 Nh4 60. Be2 Nf5 61.
Bd3 Nh4 62. Be4 Kf6 63. Kc6 Ke5 64. Kxb6 Kd4 65. Kxa5 Ke3 66. b4 Nxf3 67. Bxf3 Kxf3 68.
b5 Ke3 69. b6 f3 70. b7 f2 71.
b8=Q f1=Q 72. Qe5+ Kd2 73. Qd4+ Kc2 74. Kb6 Qf7 75.
Qc5+ Kd3 76. a5 Ke2 77. Qb5+ Kf2 78. a6 Kg2 79. Qc6+ Kh2 80. a7 Qb3+ 81. Kc7 Qf7+ 82. Kb8 Qf8+ 83. Qc8 Qb4+ 84. Kc7 Qc5+ 85. Kb8 Qb6+ 86. Qb7 Qd8+ 87. Qc8 Qb6+ 88. Ka8 Qa6 89. Qxa6 1-0

[Event "Late-Titled-Tuesday-Blitz-April-30-2024"]
[Site "Chess.com"]
[Date "2024.04.30"]
[Round "4"]
[White "ATM622"]
[Black "sassassasss"]
[Result "0-1"]
[WhiteElo "2518"]
[BlackElo "2393"]
[TimeControl "180+1"]
[EndTime "14:42:54 PDT"]
[Termination "sassassasss won by checkmate"]

1. d4 Nc6 2. c4 e5 3. d5 Nce7 4. e4 Nf6 5. Nc3 Ng6 6. g3 Bc5 7. Bg2 O-O 8. Nf3 a6 9. O-O d6 10. h3 h6 11. a3 Bd7 12. b4 Ba7 13. Re1 Qe7 14. Be3 Bxe3 15. Rxe3 Nh7 16. Rc1 f5 17.
exf5 Bxf5 18. Nh2 Qd7 19. g4 Ng5 20. gxf5 Nh4 21. Be4 Nxf5 22. Qg4 g6 23. h4 Nxe4 24. Nxe4 Kh7 25. Rf3 Qe7 26. Kh1 Nxh4 27. Rxf8 Rxf8 28. f3 Nf5 29. Rg1 g5 30. Qh5 Rg8 31. Ng4 Rg6 32. Rg2 Kg7 33. Rh2 c6 34. dxc6 bxc6 35. Rd2 Qe6 36. Rc2 d5 37. cxd5 cxd5 38. Rc7+ Kf8 39.
Nc5 Ng3+ 40. Kg2 Nxh5 41. Nxe6+ Rxe6 42. Ne3 Nf4+ 43. Kg3 d4 44. Nf5 d3 45. Rd7 Rf6 46. Kg4 Ke8 47. Rh7 d2 48. Ne3 Nd3 49. Rh8+ Kd7 50. Rh7+ Kc6 51. Kg3 Nb2 52. Rh8 d1=Q 53. Nxd1 Nxd1 54. Rc8+ Kb5 55. Rd8 Nc3 56. Rc8 Ne2+ 57.
Kg4 Nd4 58. Rc5+ Ka4 59. Rxe5 Nxf3 60. Ra5+ Kb3 61. Kh5 Nd4 62. Kg4 Nc2 63. b5 axb5 64.
Rxb5+ Kxa3 65. Kh5 Nd4 66. Rd5 Ne2 67. Kg4 Nf4 68.
Rd4 Kb3 69. Re4 Kc3 70. Ra4 Kd3 71. Ra3+ Ke4 72. Ra4+ Ke3 73. Ra3+ Nd3 74. Rb3 Rf4+ 75. Kg3 h5 76. Rb5 h4+ 77. Kh3 Nf2+ 78. Kg2 g4 79. Re5+ Ne4 80. Re8 h3+ 81. Kh2 Rf2+ 82. Kg1 g3 83.
Ra8 h2+ 84. Kh1 Rf1+ 85. Kg2 Rg1+ 86. Kh3 h1=Q+ 87. Kg4 Qf3+ 88. Kh4 Rh1# 0-1

[Event "Late-Titled-Tuesday-Blitz-April-30-2024"]
[Site "Chess.com"]
[Date "2024.04.30"]
[Round "4"]
[White "bobo_panda"]
[Black "xasid81"]
[Result "1/2-1/2"]
[WhiteElo "2427"]
[BlackElo "2637"]
[TimeControl "180+1"]
[EndTime "14:43:01 PDT"]
[Termination "Game drawn by 50-move rule"]

1. e4 e5 2. Nf3 Nc6 3. Bb5 Nge7 4. c3 Ng6 5. d4 Bd6 6. O-O O-O 7. Re1 a6 8. Bd3 Re8 9. Nbd2 b5 10. a4 Rb8 11.
axb5 axb5 12. Nf1 b4 13. Ng3 bxc3 14. bxc3 exd4 15. cxd4 Bb7 16. Bg5 Be7 17. Bd2 Bb4 18. Bc4 Bxd2 19. Qxd2 Nh4 20. Ng5 Rf8 21. Qf4 Ng6 22.
Nxf7 Nxf4 23. Nxd8+ d5 24. Nxc6 Bxc6 25. exd5 Bxd5 26.
Rac1 c6 27. f3 Bxc4 28. Rxc4 Rb2 29. Rxc6 Rxg2+ 30. Kh1 Rd2 31. Rd6 Nd3 32. Re7 Nf2+ 33. Kg1 Nh3+ 34. Kf1 Rxh2 35. Re3 Rf2+ 36. Ke1 R2xf3 37.
Rxf3 Rxf3 38. Ne2 Re3 39. Kd2 Re8 40. d5 h5 41. Nc3 Nf4 42. Ra6 h4 43. Ra1 g5 44.
Rg1 Re5 45. Rg4 Nxd5 46. Ne4 Kf7 47. Nxg5+ Kg6 48. Nf3+ Kf5 49. Nxe5 Kxe5 50. Rxh4 Nf4 51. Kc2 Kf5 52. Rh1 Ke4 53. Ra1 Nd5 54. Ra4+ Ke5 55. Kd3 Nf4+ 56. Ke3 Nd5+ 57. Kf3 Kd6 58. Rd4 Ke5 59.
Re4+ Kf5 60. Re8 Nf6 61. Rf8 Ke6 62. Kf4 Ke7 63. Ra8 Ke6 64. Ra5 Nd5+ 65. Ke4 Nf6+ 66. Kd4 Kf7 67. Ra6 Nd7 68. Kd5 Ke7 69. Ra7 Ke8 70.
Kd6 Nf6 71. Rg7 Kf8 72. Ra7 Ne8+ 73. Ke6 Ng7+ 74. Kf6 Ne8+ 75. Kg6 Nd6 76. Rd7 Ne8 77. Rf7+ Kg8 78. Re7 Kf8 79. Rd7 Kg8 80. Kf5 Kf8 81. Ke6 Ng7+ 82. Kf6 Ne8+ 83. Ke5 Ng7 84. Ra7 Ne8 85.
Ra8 Ke7 86. Ra7+ Kf8 87. Ke6 Ng7+ 88. Kf6 Ne8+ 89. Kg6 Nd6 90. Rd7 Ne8 91. Rh7 Kg8 92. Rh6 Kf8 93. Rh8+ Ke7 94. Rh7+ Ke6 95. Rf7 Nd6 96.
Rf6+ Ke5 97. Rf1 Ne4 98. Kf7 Nc5 99. Re1+ Ne4 100. Ke7 1/2-1/2

[Event "Late-Titled-Tuesday-Blitz-April-30-2024"]
[Site "Chess.com"]
[Date "2024.04.30"]
[Round "4"]
[White "alexrustemov"]
[Black "CrushingKings"]
[Result "1/2-1/2"]
[WhiteElo "2889"]
[BlackElo "2618"]
[TimeControl "180+1"]
[EndTime "14:43:13 PDT"]
[Termination "Game drawn - insufficient material"]

1. d4 g6 2. c4 Bg7 3. Nf3 Nf6 4.
g3 O-O 5. Bg2 d6 6. Nc3 Nbd7 7.
O-O c5 8. d5 Rb8 9. h3 a6 10.
a4 b6 11. e4 Ne8 12. Bf4 Nc7 13. Re1 b5 14. axb5 axb5 15. e5 dxe5 16. Nxe5 Nxe5 17. Bxe5 Bxe5 18. Rxe5 bxc4 19. Qe2 e6 20. Rd1 exd5 21.
Nxd5 Nxd5 22. Rexd5 Qb6 23. R5d2 Be6 24. Bd5 Bxd5 25.
Rxd5 Qxb2 26. Qxc4 Rfe8 27. Qxc5 Rbc8 28. Qa7 Rc2 29.
Rd7 Qf6 30. Qd4 Qf5 31. g4 Qf3 32. Rf1 Qxh3 33. Qf4 Rf8 34. Rd4 h5 35. Rfd1 hxg4 36. Qxg4 Qxg4+ 37. Rxg4 Kg7 38. Rgd4 Re8 39. R1d2 Rc1+ 40.
Kg2 Ree1 41. Rd7 Rg1+ 42. Kf3 Rg5 43. R2d5 Rgg1 44. Rd3 Rc5 45. R3d5 Rc6 46. R5d6 Rc3+ 47. Rd3 Rc2 48. Rd2 Rcc1 49. R2d4 Rge1 50. Rf4 Rc3+ 51. Kg2 Kh6 52. Rfxf7 Re5 53. Rf3 Rg5+ 54. Rg3 Rgxg3+ 55. fxg3 Kg5 56. Kh3 Ra3 57. Rd5+ Kh6 58. Rb5 Rc3 59. Kh4 Rc1 60. g4 Rh1+ 61. Kg3 Rc1 62. Kh4 Rh1+ 63. Kg3 Rd1 64. Kh4 g5+ 65. Kg3 Rd3+ 66.
Kg2 Kg6 67. Rb6+ Kg7 68. Rb5 Kf6 69. Rf5+ Kg6 70. Rf3 Rd2+ 71. Kg3 Rd4 72. Re3 Kf6 73. Kf3 Rf4+ 74. Kg3 Rf1 75. Rd3 Ke5 76. Re3+ Kf6 77. Re8 Rg1+ 78. Kf3 Ra1 79. Rf8+ Kg7 80. Rf5 Kg6 81.
Rd5 Ra4 82. Rd6+ Kf7 83. Rd5 Kf6 84. Rf5+ Kg6 85. Re5 Ra3+ 86. Re3 Ra1 87. Re6+ Kf7 88. Rd6 Rg1 89. Rd7+ Kf6 90. Rd6+ Kg7 91. Rd5 Kg6 92. Rd6+ Kf7 93. Rd5 Kf6 94. Rf5+ Kg6 95. Ra5 Rf1+ 96. Ke3 Rf4 97. Ra6+ Kg7 98. Ra7+ Kf8 99. Ra8+ Ke7 100. Ra7+ Ke6 101. Ra6+ Kd7 102. Ra7+ Kc6 103. Ra6+ Kb7 104. Rg6 Rxg4 105. Kf3 Rg1 106. Kf2 Rg4 107. Kf3 Rf4+ 108. Kg3 Rf5 109. Kg4 Ra5 110. Rxg5 Rxg5+ 111. Kxg5 1/2-1/2

[Event "Late-Titled-Tuesday-Blitz-April-30-2024"]
[Site "Chess.com"]
[Date "2024.04.30"]
[Round "4"]
[White "SaqoChess_Twitch"]
[Black "Nemsko"]
[Result "1-0"]
[WhiteElo "2682"]
[BlackElo "2449"]
[TimeControl "180+1"]
[EndTime "14:43:19 PDT"]
[Termination "SaqoChess_Twitch won by checkmate"]

1. d4 Nf6 2. c4 e6 3. Nc3 Bb4 4. e3 O-O 5. a3 Bxc3+ 6. bxc3 d5 7. cxd5 exd5 8. Bd3 c6 9. Ne2 Re8 10. O-O Nbd7 11. f3 c5 12. Ra2 b6 13. g4 Nf8 14.
Ng3 Qc7 15. g5 N6d7 16. f4 a5 17. h4 Ba6 18. Bxa6 Rxa6 19. h5 b5 20. Rg2 cxd4 21. cxd4 b4 22. f5 Rb6 23. axb4 axb4 24. g6 fxg6 25.
hxg6 hxg6 26. Qg4 Nf6 27. Qh3 N6h7 28. Rh2 b3 29. Ba3 Rxe3 30. Kg2 b2 31. fxg6 Rxg3+ 32. Qxg3 Qxg3+ 33. Kxg3 b1=Q 34. gxh7+ Nxh7 35. Rxb1 Rxb1 36. Kf4 Nf6 37. Bc5 Re1 38. Ra2 Re4+ 39. Kf5 Kh7 40. Ra7 Rh4 41. Be7 Rh6 42. Bf8 Rg6 43. Ke5 Ng4+ 44.
Kxd5 Ne3+ 45. Ke4 Ng4 46. d5 Nf6+ 47. Kd4 Nxd5 48. Kxd5 Rg5+ 49. Ke4 Rg4+ 50. Kf5 Rg1 51. Bd6 Rf1+ 52. Bf4 Rg1 53. Rb7 Rh1 54. Be3 Rf1+ 55. Kg4 Re1 56. Bf4 Rg1+ 57. Kf5 Rg2 58. Be5 Rg6 59.
Rc7 Rg1 60. Ke6 Rg6+ 61. Kf7 Rg2 62. Bd4 Rg4 63. Ba7 Rf4+ 64. Ke6 Rg4 65. Kf5 Rg2 66. Rc3 Rg6 67. Rh3+ Rh6 68. Rg3 Rf6+ 69. Ke5 Rg6 70. Rd3 Rg5+ 71. Kf4 Rg2 72. Be3 Rg6 73. Bd4 Rh6 74. Kf5 Rh5+ 75. Kg4 Rh6 76. Be3 Rg6+ 77. Bg5 Kg8 78. Rd8+ Kh7 79. Rd1 Ra6 80. Rh1+ Kg6 81. Bf4 Ra4 82. Rb1 Ra6 83. Rb5 Re6 84. Rg5+ Kf7 85.
Kf5 Rf6+ 86. Ke4 Re6+ 87. Be5 Rg6 88. Rf5+ Ke6 89. Rf8 Rg4+ 90. Bf4 Rg6 91. Ra8 Rf6 92. Ra7 Rf7 93. Ra6+ Kd7 94. Be5 Ke7 95. Kd5 Rf1 96. Bxg7 Rd1+ 97. Bd4 Kf7 98. Ra7+ Kg6 99. Rg7+ Kf5 100.
Rf7+ Kg6 101. Rf8 Rd2 102. Ke4 Re2+ 103. Be3 Ra2 104. Rc8 Ra4+ 105. Bd4 Ra2 106. Kd5 Kf5 107. Rf8+ Kg5 108. Be5 Ra5+ 109. Ke6 Ra6+ 110. Bd6 Ra4 111. Rg8+ Kh5 112. Be5 Ra6+ 113. Kf5 Rh6 114. Rg1 Ra6 115. Rh1# 1-0

[Event "Late-Titled-Tuesday-Blitz-April-30-2024"]
[Site "Chess.com"]
[Date "2024.04.30"]
[Round "4"]
[White "GMKrikor"]
[Black "GothamChess"]
[Result "1/2-1/2"]
[WhiteElo "2878"]
[BlackElo "2683"]
[TimeControl "180+1"]
[EndTime "14:43:37 PDT"]
[Termination "Game drawn by repetition"]

1. Nf3 g6 2. e4 Bg7 3. d4 d6 4. Nc3 a6 5. h4 h6 6. Be3 Bg4 7.
Be2 b5 8. Qd2 Nd7 9. a3 c5 10.
O-O-O Rc8 11. Kb1 Qa5 12. e5 Bxf3 13. Bxf3 cxd4 14. Bxd4 Bxe5 15. Rhe1 Ngf6 16. Be2 Qc7 17. f4 Bxd4 18. Qxd4 Qc5 19. Qd2 b4 20. axb4 Qxb4 21. Bxa6 Rb8 22. b3 Nc5 23. Qxd6 O-O 24. Qxe7 Qxc3 25.
Re3 Qa5 26. Bc4 Nce4 27. Rxe4 Nxe4 28. Qxe4 Qb6 29. f5 Kg7 30. fxg6 Qxg6 31. Qd4+ Qf6 32.
Qg4+ Kh8 33. Rf1 Qg7 34. Qf4 Ra8 35. Qf6 Rfe8 36. Qxg7+ Kxg7 37. Rxf7+ Kg6 38. Rf3 Re1+ 39. Kb2 Kh5 40. Rf6 Kxh4 41. Rxh6+ Kg5 42. Rd6 Raa1 43. Kc3 Rg1 44. Rd2 Kf4 45. b4 Ke5 46. Bb3 Rge1 47. b5 Ra5 48. Kb4 Ra8 49. Rd5+ Kf6 50. Rc5 Ke7 51. b6 Kd6 52. Rc4 Re5 53. Rc3 Rb8 54.
Rd3+ Kc6 55. Ba4+ Kxb6 56. Bb3 Kc6+ 57. Kc3 Rc5+ 58. Kb2 Rg5 59. Kc3 Kc5 60. Bc4 Rc8 61. Bb3 Rxg2 62. Kb2 Kb6 63. Rd5 Rc5 64. Rd6+ Kc7 65.
Re6 Rf2 66. Re7+ Kd6 67. Re3 Rf4 68. Rd3+ Kc6 69. Rh3 Kb6 70. Ka3 Rc6 71. Rh5 Rc5 72. Rh6+ Rc6 73. Rh8 Kc5 74. Rd8 Rf1 75. Kb2 Kb6 76. Rd5 Rh6 77. Bc4 Rg1 78. Rb5+ Kc6 79. Rf5 Rhh1 80. Bd5+ Kb6 81. Bxh1 Rxh1 82. Kb3 Rh3+ 83.
c3 Kc6 84. Kb4 Rh1 85. Rf6+ Kc7 86. c4 Rh5 87. Re6 Kd7 88. Rb6 Kc7 89. Rb5 Rh6 90. Rc5+ Kb7 91. Rg5 Kc7 92. Kb5 Rb6+ 93. Kc5 Rc6+ 94.
Kd4 Rd6+ 95. Kc3 Rh6 96. Kb4 Rb6+ 97. Rb5 Rh6 98. Rc5+ Kb7 99. Re5 Kc7 100. Kb5 Rb6+ 101. Kc5 Rc6+ 102. Kd4 Rd6+ 103. Rd5 Rh6 104. Kc3 Rg6 105. Re5 Rh6 106. Kd4 Rd6+ 107. Kc3 Rh6 108. Kb3 Rb6+ 109. Kc2 Rh6 110. Rd5 Rh3 111. Rd3 Rh4 112. Kc3 Rh6 113. Rg3 Rf6 114. Rg5 Rh6 115. Rd5 Rg6 116. Kd4 Rh6 117. Rc5+ Kd7 118. Rd5+ Kc7 1/2-1/2

[Event "Late-Titled-Tuesday-Blitz-April-30-2024"]
[Site "Chess.com"]
[Date "2024.04.30"]
[Round "5"]
[White "dianamirza"]
[Black "Nechitaylo_Nikita"]
[Result "0-1"]
[WhiteElo "1987"]
[BlackElo "2354"]
[TimeControl "180+1"]
[EndTime "14:52:07 PDT"]
[Termination "Nechitaylo_Nikita won by resignation"]

1. e4 c5 2. Nf3 d6 3. d4 cxd4 4. Nxd4 Nf6 5. f3 Nc6 6. Be3 e5 7. Nb3 Be7 8. Nc3 O-O 9. Qd2 Be6 10. g4 a5 11. g5 Nh5 12. Bb5 Nf4 13. Bxf4 exf4 14. Qxf4 Bxg5 15. Qg3 Bh4 0-1

[Event "Late-Titled-Tuesday-Blitz-April-30-2024"]
[Site "Chess.com"]
[Date "2024.04.30"]
[Round "5"]
[White "RandomNoob04"]
[Black "AungTZ"]
[Result "1-0"]
[WhiteElo "2736"]
[BlackElo "2179"]
[TimeControl "180+1"]
[EndTime "14:52:18 PDT"]
[Termination "RandomNoob04 won by resignation"]

1. e4 c5 2. d4 cxd4 3. c3 dxc3 4. Nxc3 e6 5. Nf3 a6 6. Bc4 Nc6 7. O-O Nf6 8. e5 Ng4 9. Bf4 f6 10. h3 Ngxe5 11. Nxe5 Nxe5 12. Bxe5 fxe5 13. Qh5+ Ke7 14. Qxe5 d6 15. Qg5+ Ke8 16. Qe3 Qf6 17. Nd5 Qf7 18. Nb6 Rb8 19. Nxc8 Rxc8 20. Bxe6 1-0

[Event "Late-Titled-Tuesday-Blitz-April-30-2024"]
[Site "Chess.com"]
[Date "2024.04.30"]
[Round "5"]
[White "ahmedkandiliii"]
[Black "jactorres"]
[Result "1-0"]
[WhiteElo "2612"]
[BlackElo "2441"]
[TimeControl "180+1"]
[EndTime "14:52:45 PDT"]
[Termination "ahmedkandiliii won by resignation"]

1. e4 e5 2. Nf3 Nc6 3. d4 exd4 4.
Bc4 Nf6 5. Ng5 Ne5 6. Bb3 Bb4+ 7.
c3 dxc3 8. bxc3 Bc5 9. f4 O-O 10.
fxe5 Nxe4 11. Nxe4 Qh4+ 12. Ng3 1-0

[Event "Late-Titled-Tuesday-Blitz-April-30-2024"]
[Site "Chess.com"]
[Date "2024.04.30"]
[Round "5"]
[White "vugarrasulov"]
[Black "Pig-filth"]
[Result "1-0"]
[WhiteElo "2960"]
[BlackElo "2305"]
[TimeControl "180+1"]
[EndTime "14:52:48 PDT"]
[Termination "vugarrasulov won by resignation"]

1. e4 Nf6 2. Nc3 d5 3. e5 Ne4 4. Nf3 Nxc3 5. bxc3 Bg4 6. Rb1 b6 7. h3 Bh5 8. e6 fxe6 9. g4 Bf7 10. Ne5 c6 11. Qf3 Bg8 12. d4 g6 13. Bd3 Bg7 14.
Bf4 Qc8 15. O-O Nd7 16. Qe3 Bxe5 17. Bxe5 Nf6 18. g5 Kf7 19. Qf4 1-0

[Event "Late-Titled-Tuesday-Blitz-April-30-2024"]
[Site "Chess.com"]
[Date "2024.04.30"]
[Round "5"]
[White "xasid81"]
[Black "MarkoPe"]
[Result "1-0"]
[WhiteElo "2641"]
[BlackElo "2432"]
[TimeControl "180+1"]
[EndTime "14:52:48 PDT"]
[Termination "xasid81 won by checkmate"]

1. e4 c6 2. d4 d6 3. Nf3 Nd7 4. Bc4 Ngf6 5. Qe2 e5 6. Ng5 d5 7.
exd5 Nxd5 8. dxe5 Bb4+ 9. c3 Be7 10. e6 fxe6 11. Nxe6 Qb6 12. Nxg7+ Kd8 13. Ne6+ Ke8 14.
Qh5# 1-0

[Event "Late-Titled-Tuesday-Blitz-April-30-2024"]
[Site "Chess.com"]
[Date "2024.04.30"]
[Round "5"]
[White "Valiyev_Shahin"]
[Black "Roedor"]
[Result "1-0"]
[WhiteElo "2564"]
[BlackElo "2368"]
[TimeControl "180+1"]
[EndTime "14:53:38 PDT"]
[Termination "Valiyev_Shahin won by checkmate"]

1. e4 e5 2. Nf3 Nc6 3. Bb5 Nf6 4.
O-O Nxe4 5. Re1 Nd6 6. Nxe5 Be7 7. Bf1 Nxe5 8. Rxe5 O-O 9. d4 Bf6 10. Re1 Re8 11.
Bf4 Rxe1 12. Qxe1 Ne8 13. Nc3 c6 14. d5 Bxc3 15. Qxc3 cxd5 16. Re1 Nf6 17. Bd6 Ne4 18. Qe5 Nxd6 19. Qxd6 Qf8 20. Qxd5 d6 21. Bb5 a6 22.
Re8 axb5 23. Rxf8+ Kxf8 24. Qxd6+ Ke8 25. Qe5+ Be6 26.
Qxb5+ Kf8 27. a4 Rd8 28. h3 Rd7 29. a5 Ke7 30. a6 bxa6 31. Qxa6 Rd1+ 32. Kh2 h5 33. b4 g5 34. b5 Bd5 35. b6 Rb1 36. c4 Bc6 37. Qc8 Kd6 38. Qc7+ Kc5 39. Qe5+ Kxb6 40. Qxg5 Rb4 41. Qe3+ Ka5 42. Qa7# 1-0

[Event "Late-Titled-Tuesday-Blitz-April-30-2024"]
[Site "Chess.com"]
[Date "2024.04.30"]
[Round "5"]
[White "Jahonas"]
[Black "carloseduar100"]
[Result "0-1"]
[WhiteElo "2381"]
[BlackElo "2230"]
[TimeControl "180+1"]
[EndTime "14:53:41 PDT"]
[Termination "carloseduar100 won by resignation"]

1. d4 d5 2. c4 e5 3. dxe5 d4 4. Nf3 Nc6 5. a3 Nge7 6. e3 Bg4 7. Be2 dxe3 8. Qxd8+ Rxd8 9. Bxe3 Ng6 10. Nbd2 Ngxe5 11. Nxe5 Nxe5 12. Bxg4 Nxg4 13. Bf4 Bd6 14. Bg3 Bxg3 15. hxg3 O-O 16. Rd1 Rfe8+ 17. Kf1 Rd4 18. Rh5 Red8 19.
Ke2 Nxf2 20. Kxf2 Rxd2+ 21. Rxd2 Rxd2+ 22. Ke3 Rxb2 23. Rd5 g6 24. Rd7 Rxg2 25. Rxc7 Rxg3+ 26. Kd4 Rxa3 27. Rxb7 h5 28. c5 Ra1 29. Rb4 Kf8 30. c6 Ke7 31. Kd5 Rd1+ 32. Kc5 Rc1+ 33. Kd5 h4 34. Rb7+ Ke8 35. Rxa7 h3 36. Ra8+ Ke7 37.
Rh8 Rc3 38. Rh7 g5 39. Rh5 g4 40. Rh4 f5 41. Rh7+ Kf6 42. Kd6 f4 0-1

[Event "Late-Titled-Tuesday-Blitz-April-30-2024"]
[Site "Chess.com"]
[Date "2024.04.30"]
[Round "5"]
[White "baki83"]
[Black "SaqoChess_Twitch"]
[Result "1-0"]
[WhiteElo "2908"]
[BlackElo "2678"]
[TimeControl "180+1"]
[EndTime "14:54:01 PDT"]
[Termination "baki83 won by resignation"]

1. e4 c5 2. Nf3 d6 3. Bb5+ Bd7 4. c4 Nf6 5. Nc3 e6 6. O-O Be7 7. d4 cxd4 8. Nxd4 O-O 9. Qe2 Nc6 10. Bxc6 Bxc6 11. Rd1 a6 12. e5 Ne8 13. Nxc6 bxc6 14. exd6 Bxd6 15. c5 Bxh2+ 16. Kxh2 Qh4+ 17. Kg1 Nf6 18.
g3 Qh3 19. Ne4 Ng4 20. f3 f5 21. Qg2 Qh5 22. fxg4 fxg4 23. Bf4 1-0

[Event "Late-Titled-Tuesday-Blitz-April-30-2024"]
[Site "Chess.com"]
[Date "2024.04.30"]
[Round "5"]
[White "EsmeraldasAnderson03"]
[Black "frederiksvane"]
[Result "0-1"]
[WhiteElo "2520"]
[BlackElo "2989"]
[TimeControl "180+1"]
[EndTime "14:54:06 PDT"]
[Termination "frederiksvane won by resignation"]

1. d4 Nf6 2. c4 e6 3. Nc3 d5 4. f3 c5 5. e3 Nc6 6. cxd5 exd5 7. Bb5 Bd6 8. Nge2 O-O 9. O-O Re8 10. e4 dxe4 11. fxe4 Nxe4 12. d5 Nxc3 13. bxc3 a6 14. Bxc6 bxc6 15. dxc6 Qc7 16. Nf4 Qxc6 17. c4 Be5 18.
Rb1 Qe4 19. Rb6 Qxc4 20. Qh5 Bd4+ 0-1

[Event "Late-Titled-Tuesday-Blitz-April-30-2024"]
[Site "Chess.com"]
[Date "2024.04.30"]
[Round "5"]
[White "PawnEatingZombie"]
[Black "PapaieDudu"]
[Result "1-0"]
[WhiteElo "2220"]
[BlackElo "2378"]
[TimeControl "180+1"]
[EndTime "14:54:07 PDT"]
[Termination "PawnEatingZombie won by resignation"]

1. e4 c5 2. c3 Nf6 3. e5 Nd5 4. Nf3 d6 5. d4 cxd4 6. cxd4 e6 7. Bc4 Be7 8. O-O O-O 9. Qe2 Nc6 10. Rd1 a6 11.
Nc3 dxe5 12. dxe5 Nxc3 13. bxc3 Qa5 14. Bd3 Rd8 15. Qe4 g6 16. Bh6 Bd7 17. Rab1 b5 18.
h4 Qxa2 19. h5 Qd5 20. Qf4 Be8 21. Bxg6 hxg6 22. Rxd5 exd5 23. hxg6 fxg6 24. Bg5 Bf7 25. Bxe7 Nxe7 26. Ng5 Rf8 27. Qh4 1-0

[Event "Late-Titled-Tuesday-Blitz-April-30-2024"]
[Site "Chess.com"]
[Date "2024.04.30"]
[Round "5"]
[White "campochess"]
[Black "tolimachess"]
[Result "0-1"]
[WhiteElo "2157"]
[BlackElo "2450"]
[TimeControl "180+1"]
[EndTime "14:54:13 PDT"]
[Termination "tolimachess won by resignation"]

1. Nc3 d5 2. d4 c5 3. e3 Nc6 4. Nf3 Bg4 5. Be2 e6 6. Ne5 Bxe2 7. Qxe2 Nge7 8. f4 cxd4 9. exd4 Nxd4 10. Qd3 Nec6 11.
O-O Bd6 12. Be3 Nf5 13. Nxc6 bxc6 14. Bd2 h5 15. Ne2 Qb6+ 16. Kh1 Qxb2 17. Rab1 Qxa2 18. Rb7 Qc4 19. Qf3 Qxc2 20. Bb4 Bxb4 21. Rxb4 O-O 22. Qxh5 c5 23. Rbb1 g6 24. Qg5 Qxe2 25. Rf3 Kg7 26. h3 Rab8 27. Ra1 Rb2 28. Rxa7 Nh4 29. Rg3 Nf5 30.
Rf3 Rh8 31. Kh2 Qxf3 0-1

[Event "Late-Titled-Tuesday-Blitz-April-30-2024"]
[Site "Chess.com"]
[Date "2024.04.30"]
[Round "5"]
[White "Akhayan"]
[Black "lamomiajunior"]
[Result "0-1"]
[WhiteElo "2487"]
[BlackElo "2751"]
[TimeControl "180+1"]
[EndTime "14:54:19 PDT"]
[Termination "lamomiajunior won by resignation"]

1. e4 c5 2. Nf3 d6 3. d4 cxd4 4. Nxd4 Nf6 5. Nc3 a6 6. Bc4 e6 7. Bb3 b5 8. O-O Be7 9. f4 Qc7 10. f5 e5 11. Nde2 Bb7 12. Bg5 Nbd7 13. Bxf6 Nxf6 14. Ng3 h5 15. Nd5 Bxd5 16. Bxd5 h4 17. Bxa8 hxg3 18. h3 Qa7+ 19. Kh1 Qxa8 20. Qf3 Nxe4 21.
Rae1 d5 22. Rxe4 dxe4 23. Qxg3 Bf6 24. Qa3 Qc6 25. c4 bxc4 26. Rd1 Be7 27. Qg3 O-O 28. Qxe5 Bf6 29. Qg3 Bxb2 30. Rd6 Qc7 31. f6 Bxf6 0-1

[Event "Late-Titled-Tuesday-Blitz-April-30-2024"]
[Site "Chess.com"]
[Date "2024.04.30"]
[Round "5"]
[White "kalxandria"]
[Black "OppieZippy"]
[Result "0-1"]
[WhiteElo "2227"]
[BlackElo "2403"]
[TimeControl "180+1"]
[EndTime "14:54:19 PDT"]
[Termination "OppieZippy won by resignation"]

1. e4 Nf6 2. e5 Nd5 3. g3 d6 4.
exd6 exd6 5. Bg2 Nb6 6. d4 Be7 7. Ne2 d5 8. O-O O-O 9. b3 Bf6 10. Bb2 Bf5 11. Nd2 c5 12. c3 cxd4 13. Nxd4 Bg6 14.
N2f3 Nc6 15. Re1 Qd7 16. Qd2 Rfe8 17. Rxe8+ Rxe8 18. Re1 Be4 19. a4 h6 20. Re2 Nc8 21.
Qe1 Nd6 22. Ba3 Nxd4 23. Nxd4 Bxd4 24. cxd4 Nf5 25. f3 Nxd4 26. fxe4 Nxe2+ 27. Qxe2 dxe4 28.
Bxe4 Qd4+ 0-1